 Dungeon Crawl Stone Soup version 0.30.1-11-g7821555f0a (webtiles) character file.

Game seed: 5161577398205548105

42 Okkudo the Chopper (level 3, 0/33 HPs)
             Began as a Hill Orc Monk on Dec 6, 2023.
             Slain by a hobgoblin (1 damage)
             ... led by Robin
             ... on level 2 of the Dungeon.
             The game lasted 00:02:17 (942 turns).

Okkudo the Chopper (Hill Orc Monk)                   Turns: 942, Time: 00:02:18

Health: 0/33       AC:  8    Str: 15    XL:     3   Next: 54%
Magic:  3/3        EV:  7    Int: 10    God:
Gold:   32         SH:  0    Dex: 13    Spells: 2/2 levels left

rFire   . . .        a - +0 hand axe
rCold   . . .        d - orb {light}
rNeg    . . .        e - +0 chain mail
rPois   .            (no helmet)
rElec   .            (no cloak)
rCorr   .            (no gloves)
SInv    .            (no boots)
Will    .....        (no amulet) Stlth
                     (no ring)
HPRegen 0.25/turn    (no ring)
MPRegen 0.08/turn

%: no passive effects
@: glowing
A: no striking features
a: no special abilities


You were on level 2 of the Dungeon.
You visited 1 branch of the dungeon, and saw 2 of its levels.

You collected 88 gold pieces.
You spent 56 gold pieces at shops.

Inventory:

Hand Weapons
 a - a +0 hand axe (weapon)
Armour
 d - an orb of light (worn)
 e - a +0 chain mail (worn)
Scrolls
 b - 2 scrolls of teleportation {unknown}
 g - 3 scrolls of identify
Potions
 c - 2 potions of ambrosia
 f - a potion of heal wounds {unknown}


   Skills:
 + Level 4.2 Fighting
 * Level 5.4 Axes
 - Level 2.4 Dodging


You had 2 spell levels left.
You didn't know any spells.
Your spell library was empty.

Dungeon Overview and Level Annotations

Branches:
Dungeon (2/15)

Altars:

Shops:
D:1 ?

Annotations:
D:2 Robin, Terence


Message History

Robin roars a battlecry!
The goblins go into a battle-frenzy!
Terence hits you with a +0 trident.
You hit Terence but do no damage.
Terence is lightly wounded.
You barely miss the goblin. Terence hits you but does no damage.
The goblin hits you with a +0 club.
You hit Terence.
Terence is lightly wounded.
You barely miss the goblin. Terence hits you but does no damage.
The goblin barely misses you.
You hit Terence.
Terence is lightly wounded.
You hit the goblin.
You kill the goblin!
Terence hits you with a +0 trident.
You barely miss Terence.
Terence is lightly wounded.
You hit the goblin. Terence hits you with a +0 trident!
* * * LOW HITPOINT WARNING * * *
The goblin barely misses you.
You hit Terence but do no damage.
Terence is lightly wounded.
You hit the goblin.
You kill the goblin!
Terence barely misses you.
You hit Terence but do no damage.
Terence is lightly wounded.
You hit the hobgoblin but do no damage. The hobgoblin closely misses you.
Terence closely misses you.
You hit Terence but do no damage.
Terence is lightly wounded.
You hit the hobgoblin but do no damage.
The hobgoblin hits you but does no damage.
Terence hits you with a +0 trident.
* * * LOW HITPOINT WARNING * * *
You barely miss Terence.
Terence is lightly wounded.
You hit the hobgoblin. The hobgoblin hits you.
You die...

### ... #.#
#@# #### #@#
.g...#g####
......gg...#
....g.##.#.#
^^.### #.# #
^_ #.# #.#
#.# #<#


You could see Terence and 3 hobgoblins.

Vanquished Creatures
  An adder (D:2)
  A dart slug (D:1)
  2 ball pythons (D:1)
  2 endoplasms
  9 goblins
  3 hobgoblins
  2 jackals (D:1)
  A quokka (D:1)
  A bat (D:1)
  A frilled lizard (D:1)
  A kobold (D:1)
  3 rats (D:1)
27 creatures vanquished.

Notes
Turn   | Place    | Note
-------+----------+-------------------------------------------
     0 | D:1      | Okkudo the Hill Orc Monk began the quest for the Orb.
     0 | D:1      | Reached XP level 1. HP: 19/19 MP: 1/1
    91 | D:1      | Reached XP level 2. HP: 19/27 MP: 2/2
   462 | D:1      | Found Asemopin's Magic Scroll Boutique.
   484 | D:1      | Bought a scroll of identify for 28 gold pieces
   484 | D:1      | Bought a scroll of identify for 28 gold pieces
   578 | D:1      | Reached skill level 5 in Axes
   920 | D:2      | Reached XP level 3. HP: 31/33 MP: 3/3
   925 | D:2      | Noticed Robin
   926 | D:2      | Found a faded altar of an unknown god.
   930 | D:2      | Noticed Terence
   941 | D:2      | HP: 1/33 [Terence/+0 trident (6)]
   942 | D:2      | Slain by a hobgoblin

Illustrated notes

Levels and vault maps discovered:
D:1:      ncdulo_lavacross, layout_basic, serial_shops, shop
D:2:      minmay_chambers_of_ones, layout_loops_ring,
          ebering_ecumenical_altar_webs, chequers_decorated_corner,
          minivault_24, kennysheep_another_room, uniq_terence, uniq_robin

Skill      XL: |  1  2 |
---------------+-------+-----
Fighting       | 4 |  4.2
Axes           | 5 |  5.4
Dodging        | |  2.4

Action                     || total
---------------------------++-------
  Melee: Hand axe          ||    70
 Armour: Chain mail        ||    37
  Dodge: Dodged            ||    27
